AoeStats
← Fazzz7z

MegaRandom

508285959Analyzed
2v2 RM · 10d ago on Sep 21, 2026· 49m 43s· 4 players
Game mode
Random Map
Map size
Medium (4 player)
Population
200
Speed
Normal
Resources
Standard
Victory
Conquest
Starting age
Dark Age
Ending age
Imperial Age
RankedLock teamsTeams togetherTeam positionsShared explorationLock speedFull tech treeHidden civsTurbo modeCheats
Victory
Defeat
🇬🇧 Goths · United Kingdom
1460
+20
🇩🇪 Tatars · Germany
1453
+21
🇩🇪 Mapuche · Germany
1620
-23
🇬🇧 Burgundians · United Kingdom
1498
-18
Osayi.
7:47 Loom
10:06 Feudal Age
10:39 Double-Bit Axe
19:34 Scale Barding Armor
22:08 Castle Age
21:02 Horse Collar
22:42 Bloodlines
23:18 Bow Saw
24:04 Husbandry
28:24 Chain Barding Armor
28:43 Heavy Plow
31:34 Wheelbarrow
30:44 Town Watch
31:08 Fletching
33:14 Forging
34:05 Hand Cart
35:49 Bodkin Arrow
38:59 Imperial Age
38:42 Iron Casting
39:10 Elite Keshik
40:30 Plate Barding Armor
40:49 Conscription
40:04 Light Cavalry
40:58 Gold Mining
40:58 Stone Mining
41:16 Bracer
42:23 Chemistry
43:31 Blast Furnace
45:55 Hussar
47:49 Ballistics
47:11 Treadmill Crane
48:31 Silk Armor
49:04 Scale Mail Armor
49:11 Sappers
49:52 Timurid Siegecraft
Fazzz7z
8:32 Loom
10:23 Feudal Age
10:59 Double-Bit Axe
21:56 Castle Age
19:43 Man-at-Arms
21:58 Horse Collar
23:22 Long Swordsman
24:34 Squires
25:01 Scale Mail Armor
26:47 Fletching
29:24 Bodkin Arrow
31:22 Bow Saw
31:13 Heavy Plow
32:11 Heavy Plow
39:36 Imperial Age
37:49 Wheelbarrow
38:56 Anarchy
38:21 Pikeman
41:03 Conscription
41:19 Hand Cart
40:52 Halberdier
46:13 Chain Mail Armor
46:51 Forging
48:48 Iron Casting
48:56 Elite Huskarl
51:02 Blast Furnace
MDkaiserotto
6:42 Loom
10:19 Feudal Age
12:45 Fletching
13:05 Double-Bit Axe
22:06 Castle Age
20:48 Padded Archer Armor
21:01 Horse Collar
21:20 Gold Mining
23:02 Crossbowman
23:38 Bodkin Arrow
24:10 Bow Saw
26:17 Ballistics
32:03 Heavy Plow
33:11 Leather Archer Armor
37:24 Imperial Age
35:39 Wheelbarrow
34:55 Town Watch
36:43 Forging
38:33 Iron Casting
38:41 Conscription
40:31 Blast Furnace
41:42 Chemistry
41:14 Ring Archer Armor
40:20 Elite Bolas Rider
42:58 Blast Furnace
42:10 Malon
48:14 Murder Holes
[R1] andres_rod
2:38 Loom
8:23 Double-Bit Axe
8:57 Horse Collar
14:20 Feudal Age
18:24 Forging
18:20 Scale Barding Armor
19:40 Bow Saw
21:24 Heavy Plow
22:57 Wheelbarrow
26:28 Castle Age
24:28 Stone Mining
25:16 Fletching
25:37 Gold Mining
27:15 Squires
27:41 Scale Mail Armor
32:06 Husbandry
32:30 Cavalier
34:43 Bodkin Arrow
40:13 Hand Cart
43:06 Imperial Age
41:22 Stone Shaft Mining
42:28 Burgundian Vineyards
43:13 Iron Casting
42:13 Pikeman
43:17 Chain Mail Armor
44:27 Ballistics
45:08 Halberdier
Connection lost

Rejoining the realm…

Still unreachable

The connection could not be restored.

Session expired

The server has moved on; the page needs a fresh start.